 Dungeon Crawl Stone Soup version 0.21-a0-41-g5e91fef (webtiles) character file.

17286 Duffy the Thaumaturge (level 12, -13/62 HPs)
             Began as a Spriggan Earth Elementalist on June 3, 2017.
             Was the Champion of Jiyva.
             Engulfed by a cloud of flame (14 damage)
             ... in a volcano.
             The game lasted 00:20:16 (15133 turns).

Duffy the Thaumaturge (SpEE)                       Turns: 15133, Time: 00:20:16

Health: -13/62     AC: 12    Str:  8    XL:     12   Next: 17%
Magic:  18/27      EV: 22    Int: 23    God:    Jiyva [******]
Gold:   588        SH:  0    Dex: 11    Spells: 23/32 levels left

rFire    + . .     SeeInvis +   s - +0 spear
rCold    + . .     Gourm    .   (shield restricted)
rNeg     . . .     Faith    .   D - +0 troll leather armour
rPois    +         Spirit   .   (helmet restricted)
rElec    +         Reflect  .   a - +0 cloak
rCorr    +         Harm     .   (gloves unavailable)
MR       +++..                  (boots unavailable)
Stlth    ++........             (no amulet)
Regen    0.6/turn               i - +4 ring of protection
MPRegen  0.2/turn               (no ring)

@: resistant, very quick
A: unfitting armour, beak, hooves 1, iridescent scales 1, see invisible,
herbivore 3, speed 3, magic resistance 1, slow metabolism 2, eyeballs 1,
gelatinous body 1
a: Request Jelly, Slimify, Cure Bad Mutation, Renounce Religion


You were in a volcano.
You worshipped Jiyva.
Jiyva was exalted by your worship.
You were completely stuffed.

You visited 2 branches of the dungeon, and saw 14 of its levels.
You also visited: Labyrinth and Volcano.

You collected 684 gold pieces.
You spent 96 gold pieces at shops.

Inventory:

Hand Weapons
 l - a +0 short sword
 p - a +0 blowgun
 s - a +0 spear (weapon)
Missiles
 b - 108 stones (quivered)
Armour
 a - a +0 cloak (worn)
 D - a +0 troll leather armour (worn)
Jewellery
 i - a +4 ring of protection (left hand)
 J - an uncursed amulet of magic regeneration
 K - an uncursed amulet of guardian spirit
Wands
 c - a wand of enslavement (13/24)
 n - a wand of flame (39/48)
 y - a wand of iceblast (0/15)
 z - a wand of iceblast (10/15)
 B - a wand of flame (44/48)
 C - a wand of clouds (6/9)
 H - a wand of iceblast (3/15)
 I - a wand of iceblast (6/15)
 L - a wand of enslavement (17/24)
 M - a wand of digging (14/24)
 O - a wand of paralysis (20/24)
Scrolls
 f - 4 scrolls of teleportation
 h - a scroll of fear
 j - a scroll of magic mapping
 m - a scroll of noise {unknown}
 o - a scroll of immolation {unknown}
 q - a scroll of blinking
 r - a scroll of amnesia
 v - 3 scrolls of enchant weapon {unknown}
Potions
 u - 2 potions of brilliance
 x - 8 potions of curing
 A - a potion of ambrosia
 G - a potion of mutation
Books
 e - a book of Geomancy

   Spells                             Type                      Level
   a - Sandblast                      Earth                        1
   b - Passwall                       Transmutation/Earth          2
   c - Stone Arrow                    Conjuration/Earth            3
   d - Petrify                        Transmutation/Earth          4
   e - Lee's Rapid Deconstruction     Earth                        5
 F - a book of Changes

   Spells                             Type                      Level
   a - Beastly Appendage              Transmutation                1
   b - Sticks to Snakes               Transmutation                2
   c - Spider Form                    Transmutation/Poison         3
   d - Ice Form                       Ice/Transmutation            4
   e - Blade Hands                    Transmutation                5
 N - a book of the Warp

   Spells                             Type                      Level
   a - Gell's Gravitas                Translocation                3
   b - Portal Projectile              Hexes/Translocation          3
   c - Force Lance                    Conjuration/Translocation    4
   d - Dispersal                      Translocation                6
   e - Controlled Blink               Translocation                8
   f - Disjunction                    Translocation                8
 P - the Papyrus of Intoxication and Changing
   (You found it on level 2 of the Lair of Beasts)

   Spells                             Type                      Level
   a - Sticks to Snakes               Transmutation                2
   b - Olgreb's Toxic Radiance        Poison                       4
   c - Alistair's Intoxication        Transmutation/Poison         5
   d - Hydra Form                     Transmutation                6
Comestibles
 d - 4 bread rations
 g - 14 royal jellies
 E - 11 fruits


   Skills:
 + Level 6.6 Fighting
 + Level 9.2 Dodging
 - Level 3.0 Stealth
 + Level 10.6 Spellcasting
 - Level 8.1 Conjurations
   Level 1.3 Transmutations
 - Level 10.4 Earth Magic


You had 23 spell levels left.
You knew the following spells:

 Your Spells              Type           Power        Failure   Level  Hunger
a - Sandblast             Erth           ######       1%          1    None
h - Stone Arrow           Conj/Erth      ######       1%          3    None
l - Lee's Rapid Deconstr  Erth           ######....   2%          5    ####...


Dungeon Overview and Level Annotations

Branches:
Dungeon (10/15)            Temple (0/1) D:6            Lair (4/6) D:9
 Spider (0/4) Lair:3
  Swamp: Lair:2-4    Shoals: Lair:2-4       Orc: D:9-12

Altars:
Ashenzari
Cheibriados
Gozag
Kikubaaqudgha
Okawaru
Qazlal
Sif Muna
Trog
Uskayaw
Xom
Yredelemnul
Zin
The Shining One
Jiyva

Shops:
D:4 (   D:6 !   D:8 [

Annotations:
D:8 exclusions: obsidian statue and orange crystal statue
Lair:4 Roxy's ghost, journeyman FoFi; Snorg Volcano exclusion: obsidian statue


Innate Abilities, Weirdness & Mutations

You are very small and have problems with some larger weapons.
You are too small for most types of armour.
You have supernaturally acute eyesight. (SInv)
You are a herbivore.
You cover ground extremely quickly.
You need consume almost no food.
You have a beak for a mouth.
You have large cloven feet.
You are partially covered in iridescent scales. (AC +2)
You are resistant to hostile enchantments. (MR+)
Your body has grown golden eyes which may confuse attackers. (Acc +3)
Your rubbery body absorbs attacks. (AC +1, EV +1)


Message History

Aim: a white imp (summoned)
The blast of sand hits the white imp.
You kill the white imp!
b - 109 stones You are engulfed in blazing flames.
You resist.
Casting: Sandblast
Confirm with . or Enter, or press ? or * to list all spells.
Aiming: Sandblast
Press: ? - help, Shift-Dir - straight line, f - fire dragon
Aim: a fire dragon The blast of sand hits the fire dragon.
The fire dragon is moderately wounded.
b - 108 stones You are engulfed in blazing flames.
You resist.
You are engulfed in blazing flames.
You resist.
The fire dragon is engulfed in blazing flames.
The fire dragon bites you! The fire dragon closely misses you.
The fire dragon completely misses you.
You are engulfed in blazing flames.
You resist.
You die...

##.0000~~0~
#.00~~0~0~~
##...~~~~~~~
.##.#..~~0000
##.8#####..00000
#####.05# #...000~
#000.#### ##...000~
####D000#####8....~~0
#000@####...J.....0~~
####0000#.###8.....~~
#~~00####.# ####....~
####00~~#.# ##...
#~~00####.# ###
####00~~#.#
#~~00####.#
#####.##..# #8....##


You could see a fire dragon.

Vanquished Creatures
  A minotaur (Lab)
  Harold (Lair:1)
  4 two-headed ogres
  A hell hog (Volcano)
  Pikel (D:8)
  A manticore (Lair:3)
  A torpor snail (Lair:2)
  3 spiny frogs
  A komodo dragon (Lair:1)
  A troll (D:9)
  A polar bear (Lair:2)
  3 hippogriffs
  5 humans (D:7)
  7 fire bats (Volcano)
  2 wyverns (D:8)
  13 yaks
  A hungry ghost (D:7)
  A steam dragon (D:10)
  A water moccasin (Lair:3)
  A soldier ant (D:10)
  A porcupine (Lair:2)
  3 ice beasts
  3 phantoms
  A black bear (Lair:1)
  2 sky beasts
  3 orc warriors
  A necrophage (D:6)
  3 ogres
  2 centaurs
  7 crocodiles
  2 bullfrogs
  4 big kobolds
  A water moccasin skeleton (D:4)
  3 scorpions
  10 killer bees
  An electric eel (Lair:1)
  5 lava snakes (Volcano)
  9 crimson imps
  2 orc priests
  4 hounds
  A jelly (Lair:2)
  6 orc wizards
  A bullfrog skeleton (D:10)
  An iguana (D:7)
  7 worker ants
  A hound zombie (D:5)
  A hound skeleton (D:4)
  A howler monkey zombie (D:7)
  2 gnolls
  5 adders
  3 shadow imps
  2 oozes (D:2)
  An adder skeleton (D:9)
  A worm (Lair:3)
  2 dart slugs
  4 leopard geckos
  23 orcs
  A ball python (D:7)
  9 giant cockroaches
  4 goblins
  7 hobgoblins
  3 jackals (D:5)
  2 quokkas
  10 bats
  5 frilled lizards
  60 kobolds
  3 rats
283 creatures vanquished.

Vanquished Creatures (collateral kills)
  The ghost of HAL9000 the Transmogrifier, a novice DrTm of Cheibriados (Lab)
  A komodo dragon (Lair:2)
  A troll (D:10)
  A hornet (D:10)
  An iguana (D:10)
  2 gnolls (D:6)
7 creatures vanquished.

Vanquished Creatures (others)
  An unseen horror (D:10)
  A yak (D:9)
  A water moccasin (Lair:2)
  The ghost of anet the Magician, an amateur DEWz (D:4)
  3 porcupines
  An orc warrior (D:9)
  An ice beast (D:5)
  2 slaves (D:8)
  A crocodile (Lair:4)
  A big kobold (D:9)
  5 bullfrogs
  A wyvern zombie (D:7)
  6 killer bees
  A scorpion (D:5)
  A howler monkey (D:6)
  3 crimson imps
  3 hounds
  An orc priest (D:5)
  60 jellies
  A bullfrog skeleton (D:6)
  2 orc wizards
  A centaur skeleton (D:7)
  An iguana (D:4)
  3 worker ants
  A hound zombie (D:6)
  A howler monkey skeleton (D:9)
  A howler monkey zombie (D:7)
  3 adders
  A shadow imp (D:7)
  5 oozes
  An adder skeleton (D:8)
  An adder zombie (D:6)
  A worm (D:3)
  A leopard gecko (D:8)
  3 orcs
  A giant cockroach (D:3)
  3 hobgoblins (D:3)
  5 jackals
  2 quokkas
  A ball python (D:3)
  8 kobolds
  A quokka skeleton (D:6)
  3 fungi
  4 plants
149 creatures vanquished.

Grand Total: 439 creatures vanquished

Notes
Turn   | Place    | Note
-------+----------+-------------------------------------------
     0 | D:1      | Duffy the Spriggan Earth Elementalist began the quest for the Orb.
     0 | D:1      | Reached XP level 1. HP: 9/9 MP: 5/5
   240 | D:1      | Reached XP level 2. HP: 13/13 MP: 5/7
   962 | D:2      | Reached XP level 3. HP: 16/16 MP: 1/9
   967 | D:2      | Learned a level 3 spell: Stone Arrow
  1248 | D:2      | Found an opulent altar of Gozag.
  1567 | D:2      | Found a faded altar of an unknown god.
  1567 | D:2      | Found a bloodstained altar of Trog.
  1572 | D:2      | Found a glowing silver altar of Zin.
  1576 | D:2      | Found an iron altar of Okawaru.
  1578 | D:2      | Found an ancient bone altar of Kikubaaqudgha.
  1590 | D:2      | Became a worshipper of Jiyva Jiogh the Shapeless
  1590 | D:2      | Reached * piety under Jiyva
  1872 | D:2      | Reached XP level 4. HP: 21/21 MP: 9/11
  2454 | D:3      | Reached skill level 1 in Conjurations
  2515 | D:3      | Noticed an ogre
  2526 | D:3      | Killed an ogre
  2526 | D:3      | Reached XP level 5. HP: 21/24 MP: 8/12
  2835 | D:3      | Reached ** piety under Jiyva
  3048 | D:3      | Reached XP level 6. HP: 27/28 MP: 7/14
  3226 | D:3      | Reached skill level 5 in Spellcasting
  3261 | D:3      | Reached *** piety under Jiyva
  3269 | D:3      | Gained mutation: You have sharp toenails. [Jiyva's grace]
  3409 | D:3      | Gained mutation: You have a beak for a mouth. [Jiyva's grace]
  3409 | D:3      | Reached **** piety under Jiyva
  4026 | D:4      | Noticed anet's ghost (amateur DEWz)
  4291 | D:4      | Lost mutation: You have sharp toenails. [Jiyva's grace]
  4321 | D:4      | Found a shattered altar of Ashenzari.
  4324 | D:4      | Found a glowing golden altar of the Shining One.
  4327 | D:4      | Found a snail-covered altar of Cheibriados.
  4330 | D:4      | Found a basalt altar of Yredelemnul.
  4379 | D:4      | Killed anet's ghost
  4463 | D:4      | Found a shimmering altar of Xom.
  4474 | D:4      | Reached ***** piety under Jiyva
  4965 | D:4      | Found Rafiras's Weapon Shop.
  5123 | D:4      | Reached skill level 5 in Earth Magic
  5123 | D:4      | Reached XP level 7. HP: 32/32 MP: 13/16
  5182 | D:5      | Entered Level 5 of the Dungeon
  5184 | D:5      | Lost mutation: You have a beak for a mouth. [potion of mutation]
  5184 | D:5      | Gained mutation: You are clumsy. (Dex -2) [potion of mutation]
  5446 | D:5      | Gained mutation: You are partially covered in rugged brown scales. (AC +1, +3% HP) [Jiyva's grace]
  5583 | D:5      | Found a stormy altar of Qazlal.
  5585 | D:5      | Noticed a fire elemental
  5586 | D:5      | Noticed an air elemental
  5586 | D:5      | Noticed a water elemental
  5615 | D:5      | Lost mutation: You are partially covered in rugged brown scales. (AC +1, +3% HP) [Jiyva's grace]
  6129 | D:5      | HP: 1/32 [poisoned by a kobold]
  6439 | D:6      | Reached ****** piety under Jiyva
  6461 | D:6      | Gained mutation: Your body has grown golden eyes which may confuse attackers. (Acc +3) [Jiyva's grace]
  6465 | D:6      | Found a staircase to the Ecumenical Temple.
  6603 | D:6      | Found Afreidyura's Distillery.
  6611 | D:6      | Bought a potion of curing for 36 gold pieces
  6611 | D:6      | Bought a potion of heal wounds for 60 gold pieces
  6622 | D:6      | Found a deep blue altar of Sif Muna.
  6623 | D:6      | Found a hide-covered altar of Uskayaw.
  6715 | D:6      | Reached XP level 8. HP: 36/36 MP: 12/18
  6722 | D:6      | Learned a level 5 spell: Lee's Rapid Deconstruction
  7660 | D:7      | Reached skill level 1 in Fighting
  7724 | D:7      | Reached skill level 5 in Conjurations
  7954 | D:7      | Reached XP level 9. HP: 43/43 MP: 3/19
  8190 | D:7      | Gained mutation: You are partially covered in iridescent scales. (AC +2) [Jiyva's grace]
  8752 | D:8      | Found Kiwavas's Armour Shop.
  8825 | D:8      | Noticed a two-headed ogre
  8845 | D:8      | Killed a two-headed ogre
  8962 | D:8      | Gained mutation: Your rubbery body absorbs attacks. (AC +1, EV +1) [Jiyva's grace]
  9132 | D:8      | Reached XP level 10. HP: 49/49 MP: 3/20
  9243 | D:8      | Noticed Pikel
  9259 | D:8      | Killed Pikel
  9326 | D:8      | Noticed an orange crystal statue
  9344 | D:8      | Noticed an obsidian statue
  9769 | D:9      | Noticed a two-headed ogre
  9789 | D:9      | Killed a two-headed ogre
 10003 | D:9      | Lost mutation: You are clumsy. (Dex -2) [Jiyva's grace]
 10178 | D:9      | Found a staircase to the Lair.
 10407 | D:8      | Noticed a sixfirhy
 10562 | D:10     | Entered Level 10 of the Dungeon
 10690 | D:10     | Gained mutation: You have large cloven feet. [Jiyva's grace]
 10755 | D:10     | Reached skill level 10 in Earth Magic
 10773 | D:10     | Killed an unseen horror
 10801 | D:10     | Paralysed by a hornet for 3 turns
 11061 | D:10     | Gained mutation: Your spells are a little harder to cast, but a little more powerful. [Jiyva's grace]
 11080 | D:10     | Noticed a two-headed ogre
 11110 | D:10     | Killed a two-headed ogre
 11110 | D:10     | Reached XP level 11. HP: 53/53 MP: 0/23
 11377 | D:10     | Noticed a two-headed ogre
 11383 | D:10     | Killed a two-headed ogre
 11525 | Lair:1   | Entered Level 1 of the Lair of Beasts
 12029 | Lair:1   | Noticed Harold
 12036 | Lair:1   | Killed Harold
 12565 | Lair:2   | Found a labyrinth entrance.
 12577 | Lair:2   | Reached skill level 5 in Dodging
 12612 | Lab      | Entered a labyrinth
 12621 | Lab      | Noticed HAL9000's ghost (novice DrTm)
 12655 | Lab      | Killed HAL9000's ghost
 12844 | Lab      | Noticed a minotaur
 12888 | Lab      | Killed a minotaur
 12888 | Lab      | Reached skill level 5 in Fighting
 13316 | Lair:2   | Gained mutation: You are resistant to hostile enchantments. (MR+) [Jiyva's grace]
 13684 | Lair:2   | Identified the Papyrus of Intoxication and Changing
 13762 | Lair:2   | Gained mutation: You have a beak for a mouth. [Jiyva's grace]
 13791 | Lair:2   | Was placed under penance by Jiyva
 13795 | Lair:2   | Reached skill level 10 in Spellcasting
 13825 | Lair:2   | Was forgiven by Jiyva
 14308 | Lair:3   | Found a hole to the Spider Nest.
 14584 | Lair:3   | Reached XP level 12. HP: 48/61 MP: 7/27
 14707 | Lair:4   | Noticed a seven-headed hydra
 14722 | Lair:4   | Noticed Snorg
 14727 | Lair:4   | Noticed Roxy's ghost (journeyman FoFi)
 14735 | Lair:4   | Found a dark tunnel.
 14736 | Lair:4   | Lost mutation: Your spells are a little harder to cast, but a little more powerful. [Jiyva's grace]
 14741 | Volcano  | Entered a volcano
 15121 | Volcano  | Noticed a hell hog
 15125 | Volcano  | Killed a hell hog
 15130 | Volcano  | Noticed a fire dragon
 15132 | Volcano  | HP: 1/62 [fire dragon (8)]
 15133 | Volcano  | Engulfed by a cloud of flame

Vault maps used:
D:1:      dpeg_arrival_simpleton_a
D:2:      chequers_temple_overflow_minitemple,
          nicolae_gozag_cash_rules_everything_around_me
D:3:      minmay_goblin_kobold_castle
D:4:      led_xom_imps, grunt_temple_overflow_cloverleaf, serial_shops,
          shop_coins
D:5:      first_bread, nicolae_qazlal_style_of_elements
D:6:      gammafunk_temple_overflow_pools, minmay_temple_entry_large_hall,
          serial_shops, shop
D:7:      minmay_ruffians
D:8:      minmay_separated_statues, serial_shops, shop_statue,
          hangedman_little_slice_of_home, uniq_pikel
D:9:      grunt_lair_entry_orc_guard_hut, minmay_misc_feat_square
Lair:1:   hangedman_lair_unloving_vines, serial_bayou_lake_a, lemuel_fruit_tree,
          grunt_megastairs_1, uniq_harold
Lair:2:   lab_entry_generic, lemuel_fruit_fields
Lair:3:   minmay_shoals_entry_beasts, nicolae_spider_entry_non_spiders,
          nicolae_quartered_pool_little
Lair:4:   nicolae_volcano_entry_two_sided, grunt_megastairs_2, uniq_snorg
Lab:      labyrinth_spiral, lab_block, nicolae_lab_statue, nicolae_lab_stuck
Volcano:  volcano_grotto

Skill      XL: |  1  2  3  4  5  6  7  8  9 10 11 12 |
---------------+-------------------------------------+-----
Spellcasting   | 3 4 5 6 7 10 | 10.6
Earth Magic    | 3 4 5 6 7 8 10 | 10.4
Conjurations   | 1 2 3 4 5 6 8 |  8.1
Fighting       | 2 3 4 6 |  6.6
Dodging        | 8 9 |  9.2
Stealth        | |  3.0
Transmutations | |  1.3

Action                   |  1- 3 |  4- 6 |  7- 9 | 10-12 || total
-------------------------+-------+-------+-------+-------++-------
Melee: Short sword       |     6 |       |       |       ||     6
       Spear             |       |    43 |    20 |    20 ||    83
       Peck              |       |     1 |       |     2 ||     3
       Kick              |       |     1 |       |     1 ||     2
 Cast: Sandblast         |    57 |    96 |    79 |    56 ||   288
       Stone Arrow       |       |     2 |   105 |   195 ||   302
       Lee's Rapid Decon |       |       |       |    17 ||    17
Evoke: Wand              |       |       |       |     4 ||     4
  Use: Scroll            |     3 |     3 |     4 |     5 ||    15
       Potion            |       |       |     1 |     5 ||     6
 Stab: Sleeping          |     1 |     2 |       |       ||     3
       Distracted        |       |     1 |       |       ||     1
       Confused          |       |       |     1 |       ||     1
Armor: Robe              |     4 |     8 |    15 |     6 ||    33
       Troll leather arm |       |       |       |    30 ||    30
Dodge: Dodged            |    17 |    87 |   117 |    90 ||   311
